Cogmind - Beta 16 @@@ ROGUE MODE // 2025.11.19 @ 14:22:21 Player: Reflectatory Result: Self-destructed Performance ------------- Evolutions (3) 1500 Regions Visited (4) 800 Robots Destroyed (1) 5 Value Destroyed (27) 27 Prototype IDs (1) 20 Alien Tech Used (0) 0 Bonus (834) 834 TOTAL SCORE: 3186 Bonus ------- Pacifist 834 Cogmind --------- Core Integrity 544/700 Matter 7/300 Energy 99/100 System Corruption 0% Temperature Cool (0) Movement Core (50) Location -7/Factory Parts ------- > --- POWER (1) -------- (None) > --- PROPULSION (2) --- (None) > --- UTILITY (8) ------ Advanced Visual Processing Unit Advanced Visual Processing Unit Improved Targeting Computer > --- WEAPON (2) ------- (None) > --- INVENTORY (5) ---- Improved Signal Interpreter Improved Terrain Scanner Improved Light Armor Plating Improved Light Armor Plating Improved Light Armor Plating Peak State ------------ > --- POWER ------------ Heavy Ion Engine > --- PROPULSION ------- (None) > --- UTILITY ---------- Advanced Weight Redist. System Advanced Weight Redist. System Advanced Visual Processing Unit Advanced Visual Processing Unit Improved Targeting Computer Improved Light Armor Plating > --- WEAPON ----------- (None) > --- INVENTORY -------- Improved Terrain Scanner Improved Light Armor Plating Improved Light Armor Plating Improved Light Armor Plating Improved Light Armor Plating [Rating: 21] Favorites ----------- Power Heavy Ion Engine Engine Heavy Ion Engine Propulsion None Utility Advanced Visual Processing Unit Device Advanced Weight Redist. System Processor Advanced Visual Processing Unit Protection Improved Light Armor Plating Weapon None Build | -11 -10 -9 -8 -7 ------- Run | Yrd Mat Mat Mat Fac Slots Evolved 6 | . . 2 2 2 Power . | . . . . . Propulsion . | . . . . . Utility 6 | . . 2 2 2 Weapon . | . . . . . Parts Attached 11 | . . 3 8 . Power 1 | . . . 1 . Engine 1 | . . . 1 . Core . | . . . . . Reactor . | . . . . . Propulsion . | . . . . . Treads . | . . . . . Leg . | . . . . . Wheel . | . . . . . Hover . | . . . . . Flight . | . . . . . Utility 10 | . . 3 7 . Device 4 | . . 1 3 . Storage . | . . . . . Processor 3 | . . 1 2 . Hackware . | . . . . . Protection 3 | . . 1 2 . Artifact . | . . . . . Weapon . | . . . . . Energy Gun . | . . . . . Energy Cannon . | . . . . . Ballistic Gun . | . . . . . Ballistic Cannon . | . . . . . Launcher . | . . . . . Special Weapon . | . . . . . Impact Weapon . | . . . . . Slashing Weapon . | . . . . . Piercing Weapon . | . . . . . Special Melee Weapon . | . . . . . Unidentified Prototypes 1 | . . . 1 . Parts Lost 2 | . . 1 1 . Power . | . . . . . Propulsion . | . . . . . Utility 2 | . . 1 1 . Weapon . | . . . . . Highest Loss Streak 1 | . . 1 1 . To Critical Strikes . | . . . . . Average Backups 2 | . . . 3 4 Power . | . . . . . Propulsion . | . . . . . Utility 2 | . . . 3 4 Weapon . | . . . . . Tool/Special . | . . . . . Unused Backups 8 | . . . 4 4 Power . | . . . . . Propulsion . | . . . . . Utility 8 | . . . 4 4 Weapon . | . . . . . Tool/Special . | . . . . . Average Slot Usage (%) 31 | . . 22 49 23 Device 10 | . . 8 18 . Processor 17 | . . 9 24 23 Protection 3 | . . 5 4 . Peak Build Rating 21 | . . 5 21 9 Average Rating 9 | . . 4 16 9 On Entrance 2 | . . . 4 9 Avg Prop Armor Cover (%) . | . . . . . Naked Turns 66 | . 57 9 . . Heaviest Build 11 | . . 3 11 . Greatest Support 12 | 3 3 3 12 3 Greatest Overweight (x) . | . . . . . Average Overweight (x) . | . . . . . Largest Inventory Capacity 5 | 5 5 5 5 5 Average Capacity 5 | 5 5 5 5 5 Most Carried 5 | . . . 5 5 Average Carried 2 | . . . 3 4 Final Capacity 5 | 5 5 5 5 5 Final Carried 5 | . . . 4 5 Class Distribution -------------------- 100% | Mutant Dominant Class ---------------- Mutant | -10/Materials Mutant | -9/Materials Mutant | -8/Materials Mutant | -7/Factory Resources | -11 -10 -9 -8 -7 ----------- Run | Yrd Mat Mat Mat Fac Matter Collected . | . . . . . Remotely . | . . . . . Salvage Created 30 | . . . . 30 Parts 2 | . . . . 2 Haulers Intercepted . | . . . . . Recyclers Shooed . | . . . . . Parts Field Recycled . | . . . . . Retrieved Matter . | . . . . . Parts Self-Destructed . | . . . . . Prevented . | . . . . . Parts Restored . | . . . . . Kills | -11 -10 -9 -8 -7 ------- Run | Yrd Mat Mat Mat Fac Combat Hostiles Destroyed 1 | . . . . 1 Melee 1 | . . . . 1 Classes Destroyed 1 | . . . . 1 Swarmer 1 | . . . . 1 Best Kill Streak 1 | . . . . 1 Combat Bots Only 1 | . . . . 1 Max Kills in Single Turn 1 | . . . . 1 Gunslinging . | . . . . . Exploded . | . . . . . Melee 1 | . . . . 1 Uniques/NPCs Destroyed . | . . . . . Combat | -11 -10 -9 -8 -7 -------- Run | Yrd Mat Mat Mat Fac Hostile Shots Fired 114 | . . 24 73 17 Missed 49 | . . 12 30 7 Hits 65 | . . 12 43 10 Melee 4 | . . . 4 . Projectile 61 | . . 12 39 10 AOE 3 | . . . 3 . Critical Strikes 4 | . . . 4 . Damage Taken 968 | . . 162 641 165 Core 522 | . . 67 299 156 Absorbed by Shields . | . . . . . Core Remaining (%) 82 | 100 100 83 45 . Volleys Fired . | . . . . . Largest . | . . . . . Hottest . | . . . . . Shots Fired . | . . . . . Gun . | . . . . . Cannon . | . . . . . Launcher . | . . . . . Special . | . . . . . Kinetic . | . . . . . Thermal . | . . . . . Explosive . | . . . . . Electromagnetic . | . . . . . Robot Hit Streak . | . . . . . Robot Miss Streak . | . . . . . Penetration Max . | . . . . . Secondary Targets . | . . . . . Shots Hit Robots . | . . . . . Core Hits 2 | . . . 1 1 Critical Kills . | . . . . . Critical Parts Destroyed . | . . . . . Critical Strikes . | . . . . . Melee Attacks . | . . . . . Impact . | . . . . . Slashing . | . . . . . Piercing . | . . . . . Sneak Attacks . | . . . . . Combat Hostiles . | . . . . . Follow-up Attacks . | . . . . . Damage Inflicted 20 | . . . 2 18 Guns . | . . . . . Cannons . | . . . . . Explosions . | . . . . . Melee . | . . . . . Ramming 20 | . . . 2 18 Kinetic . | . . . . . Thermal . | . . . . . Explosive . | . . . . . Electromagnetic . | . . . . . Impact . | . . . . . Slashing . | . . . . . Piercing . | . . . . . Highest Corruption . | . . . . . Average Corruption . | . . . . . Corruption Purged . | . . . . . Corruption Blocked . | . . . . . Overload Shots . | . . . . . Overflow Damage . | . . . . . Projectiles . | . . . . . Explosions . | . . . . . Melee . | . . . . . Knockbacks . | . . . . . Impact . | . . . . . Kinetic . | . . . . . Secondary . | . . . . . Self-Inflicted Damage 9 | . . . . 9 Shots . | . . . . . Rammed 3 | . . . 2 1 Targets Rammed 3 | . . . 2 1 Kicked . | . . . . . Crushed . | . . . . . Highest Temperature 4 | . . . 4 . Average Temperature 4 | . . . 4 . Received Heat Transfer 99 | . . 36 63 . Siege Activations . | . . . . . Martial Activations . | . . . . . Shielding Activations . | . . . . . Robots Disrupted . | . . . . . Combat Hostiles . | . . . . . Robots Corrupted . | . . . . . Combat Hostiles . | . . . . . Parts Fried . | . . . . . Impact Corruptions . | . . . . . Robots Melted . | . . . . . Combat Hostiles . | . . . . . Parts Melted . | . . . . . Heat Transferred . | . . . . . Parts Sabotaged . | . . . . . Parts Stolen . | . . . . . Parts Stripped . | . . . . . Power Chain Reactions . | . . . . . Alert | -11 -10 -9 -8 -7 ------- Run | Yrd Mat Mat Mat Fac Maximum Alert Level . | . . . . . Low Security (%) 100 | 100 100 100 100 100 Level 1 . | . . . . . Level 2 . | . . . . . Level 3 . | . . . . . Level 4 . | . . . . . Level 5 . | . . . . . High Security . | . . . . . Max Security . | . . . . . Peak Influence 50 | . 15 50 30 25 Initial 18 | . . 1 18 13 Average 8 | . 3 20 4 5 Influence Increases 170 | . 15 75 45 35 Destroy 0b10 Robot/C 20 | . . . . 20 Partial Spotted 30 | . 15 . 15 . Lose Combat Pursuer 120 | . . 75 30 15 Influence Decreases 145 | . 10 35 60 40 Entered New Map 48 | . . 4 27 17 Time Decay 87 | . 10 21 33 23 Lost Part 10 | . . 10 . . Squads Dispatched 6 | . 1 1 4 . Investigation 1 | . . 1 . . Extermination . | . . . . . Reinforcement 5 | . 1 . 4 . Assault . | . . . . . Garrison . | . . . . . Intercept . | . . . . . Searches Triggered . | . . . . . Construction Impeded . | . . . . . Haulers Reinforced . | . . . . . Active Scanning Responses . | . . . . . Cargo Convoy Interrupts . | . . . . . Stealth | -11 -10 -9 -8 -7 --------- Run | Yrd Mat Mat Mat Fac Distress Signals 1 | . . 1 . . Communications Jammed . | . . . . . Distress Signals . | . . . . . Times Spotted 36 | . 2 11 20 3 Peak Tracking Total 13 | . 2 7 13 3 Tactical Retreats 5 | . . 3 1 1 Traps | -11 -10 -9 -8 -7 ------- Run | Yrd Mat Mat Mat Fac Traps Triggered 1 | . . 1 . . Indirectly . | . . . . . Trap Hack Attempts . | . . . . . Triggered . | . . . . . Disarmed . | . . . . . Reprogrammed . | . . . . . Reused . | . . . . . Traps Extracted . | . . . . . Installed . | . . . . . Triggered . | . . . . . Machines | -11 -10 -9 -8 -7 ---------- Run | Yrd Mat Mat Mat Fac Machines Disabled . | . . . . . Max in Single Turn . | . . . . . Machines Repaired . | . . . . . Machines Dismantled . | . . . . . Machines Sabotaged . | . . . . . Overloaded Fab Kills . | . . . . . Hacking | -11 -10 -9 -8 -7 --------- Run | Yrd Mat Mat Mat Fac Machines Accessed . | . . . . . Terminals . | . . . . . Fabricators . | . . . . . Repair Stations . | . . . . . Recycling Units . | . . . . . Scanalyzers . | . . . . . Garrison Access . | . . . . . Total Hacks . | . . . . . Successful . | . . . . . Failed . | . . . . . Catastrophic . | . . . . . Database Lockouts . | . . . . . Manual . | . . . . . Terminals . | . . . . . Fabricators . | . . . . . Repair Stations . | . . . . . Recycling Units . | . . . . . Scanalyzers . | . . . . . Garrison Access . | . . . . . Terminal Hacks . | . . . . . Fabricator Hacks . | . . . . . Repair Station Hacks . | . . . . . Recycling Unit Hacks . | . . . . . Scanalyzer . | . . . . . Garrison Access Hacks . | . . . . . Unauthorized Hacks . | . . . . . Terminals . | . . . . . Fabricators . | . . . . . Repair Stations . | . . . . . Recycling Units . | . . . . . Scanalyzers . | . . . . . Garrison Access . | . . . . . Data Cores Recovered . | . . . . . Used . | . . . . . Hacking Detections . | . . . . . Full Trace Events . | . . . . . Feedback Events . | . . . . . Feedback Blocked . | . . . . . Robot Schematics Acquired . | . . . . . Robots Built . | . . . . . Authchips . | . . . . . Time . | . . . . . Total Robot Build Rating . | . . . . . Part Schematics Acquired . | . . . . . Parts Built . | . . . . . Authchips . | . . . . . Time . | . . . . . Total Part Build Rating . | . . . . . Part Studies Acquired . | . . . . . Parts Repaired . | . . . . . Time . | . . . . . Parts Recycled . | . . . . . Recycled Matter . | . . . . . Retrieved Matter . | . . . . . Retrieved Components . | . . . . . Parts Scanalyzed . | . . . . . Part Schematics Acquired . | . . . . . Parts Damaged . | . . . . . Bothacking | -11 -10 -9 -8 -7 ------------ Run | Yrd Mat Mat Mat Fac Used RIF Installer . | . . . . . Robots Hacked . | . . . . . Non-combat . | . . . . . Combat . | . . . . . Robot Hacks Applied . | . . . . . Relay Couplers Released . | . . . . . Fabnet Peak Effective % . | . . . . . Robots Rewired . | . . . . . Allies Hacked . | . . . . . Hacks Repelled . | . . . . . Allies | -11 -10 -9 -8 -7 -------- Run | Yrd Mat Mat Mat Fac Total Allies . | . . . . . Largest Group . | . . . . . Highest-Rated Group . | . . . . . Highest-Rated Ally . | . . . . . Total Orders . | . . . . . Ally Attacks . | . . . . . Total Damage . | . . . . . Kills . | . . . . . Allies Corrupted . | . . . . . Allies Melted . | . . . . . Intel | -11 -10 -9 -8 -7 ------- Run | Yrd Mat Mat Mat Fac Active Infowar (turns) 246 | . . . 175 71 Optics 246 | . . . 175 71 Robot Analysis Total . | . . . . . Derelict Logs Recovered . | . . . . . Drone Launches . | . . . . . Drone Recoveries . | . . . . . Exploration | -11 -10 -9 -8 -7 ------------- Run | Yrd Mat Mat Mat Fac Turns Passed 444 | 9 57 112 195 71 Spaces Moved 812 | 18 107 212 338 137 Core 812 | 18 107 212 338 137 Treads . | . . . . . Legs . | . . . . . Wheels . | . . . . . Hover . | . . . . . Flight . | . . . . . Fastest Speed 50 | 50 50 50 50 50 Average Speed 50 | 50 50 50 50 50 Slowest Speed 50 | 50 50 50 50 50 Overloaded Moves . | . . . . . Propulsion Burnouts . | . . . . . Robots Hopped . | . . . . . Potential Cave-ins . | . . . . . Cave-ins Triggered . | . . . . . Exploration Rate (%) 25 | 3 29 32 56 7 Regions Visited 4 Branch Regions . Pre-discovered Areas . | . . . . . Known Exits Taken . | . . . . . Unknown Exits Taken 4 | 1 1 1 1 . Scrap Searched . | . . . . . Spaces Dug . | . . . . . Terrain Destroyed . | . . . . . Melee . | . . . . . Projectile . | . . . . . AOE . | . . . . . Terrain Rammed . | . . . . . Walls Destroyed . | . . . . . Machines Disabled . | . . . . . Actions | -11 -10 -9 -8 -7 --------- Run | Yrd Mat Mat Mat Fac Total 842 | 17 109 215 362 139 Wait 4 | . 3 1 . . Move 808 | 17 106 211 337 137 Hop . | . . . . . Pick Up 10 | . . . 9 1 Fast Attach 9 | . . 3 6 . Attach 1 | . . . 1 . Detach . | . . . . . Swap 1 | . . . 1 . Drop 6 | . . . 6 . Fire . | . . . . . Melee . | . . . . . Ram 3 | . . . 2 1 Kick . | . . . . . Crush . | . . . . . Escape Stasis . | . . . . . Rewire . | . . . . . Trap . | . . . . . Miscellaneous . | . . . . . Route ------- -11/Scrapyard -10/Materials -9/Materials -8/Materials -7/Factory History --------- Turn | Location | Event 3 | -11/Scrapyard | Discovered new exit (range 15) 10 | -11/Scrapyard | Entered Materials 59 | -10/Materials | Discovered new exit (range 15) 67 | -10/Materials | Entered another Materials area 67 | -9/Materials | Evolved 2 slots: Utility x2 173 | -9/Materials | Discovered new exit (range 13) 179 | -9/Materials | Entered another Materials area 179 | -8/Materials | Evolved 2 slots: Utility x2 335 | -8/Materials | Build established: Mutant 367 | -8/Materials | Discovered new exit (range 13) 369 | -8/Materials | Core integrity fell below 50% 374 | -8/Materials | Entered Factory 374 | -7/Factory | Evolved 2 slots: Utility x2 445 | -7/Factory | Self-destructed Last Messages --------------- ALERT: Suspicious intruders detected, dispatching Cutter reinforcements to area. Knocked back. C-17 Slicer knocked back. Knocked back. Imp. Light Armor Plating severed. EXIT=FOUND Adv. Weight Redist. System severed. Dropped Hvy. Ion Engine. PARAMETERS=UTILITY+2 LOCATION=UNKNOWN GOAL=ESCAPE K-01 Serf collects debris. ALERT: All DSF locations entering lockdown mode. K-01 Serf cleans the Power Conduit. Acquired Imp. Signal Interpreter. Slammed into S-27 Virus. S-27 Virus destroyed. Imp. Targeting Computer broken. Destabilizing: Short circuit. Map ----- +----------------------------------------------------+ | ?????????????????????????????????????????????????? | | ?????????????????????????????????????????????????? | | ?????????????????????????????????????????????????? | | ?????????????????????????????????????????????????? | | ?????????????????????????????????????????????????? | | ?????????????????????????????????????????????????? | | ?????????????????????????????????????????????????? | | ?????????????????????????????????????????????????? | | ?????????????????????????????????????????????????? | | ?????????????????????????????????????????????????? | | ??????????????????????########???????????????##/## | | ??????????????????????# #???????????? | | ??????????????????????# """ #???????????? | | ??????????????????????# """ #???????????? | | ??????????????????????# """ #????????????? " " | | ??????????????????????# #????????????? " " | | ??????????????????????# #?????????????# " " | | ??????????????????????# #?????????????# " " | | ??????????????????????#"" #?????????????# " " | | ??????????????????????#"" [ #?????????????+ " " | | ??????????????????????#G #?????????????# " " | | ??????????????????????#"" #?????????????# " " | | ???????????????#??????#"" #?????????????# " " | | ???????????????# ???# *% #?????????????# | | ?????????????### #####+################# | | ?????? t @= | | ?????? | | ?????? | | ??????? | | ??????? u | | ????????###########u#############+########## # | | ????????????????? ??????????# #????# T | | ???????????????? ???????????# #????# | | ???????????????# ????????????# #????# # | | ???????????????#?????????????# #????# | | ?????????????????????????????#"""" ###### # | | ?????????????????????????????#"""" / # | | ?????????????????????????????#"""" ########+#+# | | ?????????????????????????????#"""" #????? ? | | ?????????????????????????????# #??? """ """ | | ?????????????????????????????##########?# """ """ | | ????????????????????????????????????????# """ """ | | ????????????????????????????????????????# | | ????????????????????????????????????????# """ """ | | ????????????????????????????????????????# """ """ | | ????????????????????????????????????????# """ """ | | ????????????????????????????????????????# ?? ? | | ????????????????????????????????????????#??? ? | | ????????????????????????????????????????????? ?? | | ????????????????????????????????????????????? ?? | +----------------------------------------------------+ Best States ------------- Heat Dissipation 34 Energy Generation 14 Energy Capacity 280 Matter Stores 100 Matter Capacity 300 Sight Range 20 Terrain Scan Density 10 Additional Mass Support 9 Armor Coverage 150 Evasion (%) 50 Targeting Accuracy 6 Item Schematics ----------------- None Robot Schematics ------------------ None Fabricated ------------ Nothing Repaired ---------- Nothing Studied --------- None Alien Tech Used ----------------- None Achievements -------------- None Challenges ------------ None Game ------ Seed AntigravNovaField Manual? 0 Play Time 00:07:24 Cumulative 54.0 hours Start 2025.11.19 @ 14:14:21 End 2025.11.19 @ 14:22:21 Sessions 1 Manual Loads 0 Difficulty Rogue Special Mode None Game No. 68 Rogue 68 Adventurer 0 Explorer 0 Win Type - Total 1 Types 1/0/0/0/0/0/0/0/0/0 Lore% 48 Gallery% 44 Achievement% 34 Wizard Run 0 Options --------- Layout 1 ASCII 0 Keyboard 0 Movement Numpad Keybinds 0 Fullscreen 1 Font 32/SmallcapsGlow Map View 50x35 Zoom Use 0% Tactical HUD 0 Map Filters NONE Filters NONE Steam 1 RUN: 15ed7f81-f642-497b-aae6-162e6454e8ef